[Event "Titled Tuesday Blitz April 26 Late 2022"]
[White "Le Goff, Ronan"]
[Black "Rozman, Levy"]
[WhiteFideId "612073"]
[BlackFideId "2039877"]
[WhiteElo "2276"]
[BlackElo "2376"]
[Result "0-1"]
[Round "03"]
[TimeControl "180+1"]
[Date "2022.04.26"]
[WhiteClock "0:00:02"]
[BlackClock "0:00:04"]

1. d4 Nf6 2. Nf3 e6 3. Bg5 h6 4. Bh4 c5 5. e3 b6 6. Nc3 cxd4 7. exd4 d5 8. Ne5 Be7 9. Bxf6 Bxf6 10. Bb5+ Nd7 11. Nxd7 Bxd7 12. Bxd7+ Qxd7 13. O-O Rc8 14. Ne2 O-O 15. c3 Qb5 16. Rb1 Qa6 17. a3 Qc4 18. Nf4 a5 19. Re1 Rfe8 20. Qg4 g6 21. h4 Kh7 22. h5 g5 23. Ne2 b5 24. Qf3 Kg7 25. Qe3 b4 26. axb4 axb4 27. b3 Qb5 28. cxb4 Qxb4 29. Ng3 Qxd4 30. Qf3 Rc3 31. Re3 Rxe3 32. fxe3 Qe5 33. Rf1 Rb8 34. e4 d4 35. Qd3 Qb5 36. Qf3 Qe5 37. Qd3 Rc8 38. Ne2 Be7 39. Qf3 f6 40. Qd3 Rd8 41. Kh1 Bd6 42. g3 Rf8 43. b4 f5 44. exf5 Rxf5 45. Rxf5 exf5 46. Nxd4 Bxb4 47. Nxf5+ Kf6 48. Ne3 Ke6 49. Qg6+ Kd7 50. Nf5 Qe4+ 51. Kh2 Qe2+ 52. Kh3 Qf1+ 53. Kh2 Qe2+ 54. Kh3 Bc5 55. Qf7+ Kc6 56. Qf6+ Kb5 57. Nd6+ Kb4 0-1


[Site "https://www.chess.com"]

[Event "Titled Tuesday Blitz April 26 Late 2022"]
[White "Leiva, Gianmarco"]
[Black "Bluebaum, Matthias"]
[WhiteFideId "3804399"]
[BlackFideId "24651516"]
[WhiteElo "2323"]
[BlackElo "2550"]
[Result "0-1"]
[Round "03"]
[TimeControl "180+1"]
[Date "2022.04.26"]
[WhiteClock "0:00:04"]
[BlackClock "0:00:44"]

1. e4 c6 2. d4 d5 3. e5 Bf5 4. Nf3 e6 5. Be2 c5 6. c4 dxc4 7. Bxc4 Nc6 8. d5 exd5 9. Qxd5 Qxd5 10. Bxd5 Nb4 11. Bb3 b5 12. Nc3 c4 13. Bd1 a6 14. Nd4 Bg6 15. a3 Nd3+ 16. Ke2 O-O-O 17. Nc6 Re8 18. f4 Bc5 19. b4 Nxc1+ 20. Rxc1 Bb6 21. Bc2 Nh6 22. Nd5 Kb7 23. Nce7 Bxc2 24. Rxc2 Bd8 25. a4 Bxe7 26. axb5 axb5 27. Ra2 Nf5 28. Rha1 Ra8 29. Rxa8 Rxa8 30. Rxa8 Kxa8 31. g4 Nd4+ 32. Ke3 Nc6 33. Nc7+ Kb7 34. Nxb5 Bxb4 35. f5 Kb6 36. f6 Kxb5 37. fxg7 Ne7 38. Kf4 Ng8 39. e6 fxe6 40. Ke5 c3 41. Kxe6 c2 42. Kf7 Nh6+ 0-1


[Site "https://www.chess.com"]

[Event "Titled Tuesday Blitz April 26 Late 2022"]
[White "Li, Ben"]
[Black "Zhigalko, Sergei"]
[WhiteFideId "2089980"]
[BlackFideId "13502956"]
[WhiteElo "2267"]
[BlackElo "2662"]
[Result "1/2-1/2"]
[Round "03"]
[TimeControl "180+1"]
[Date "2022.04.26"]
[WhiteClock "0:00:26"]
[BlackClock "0:01:07"]

1. d4 Nf6 2. c4 e6 3. Nf3 b6 4. a3 Ba6 5. Qc2 Bb7 6. Nc3 c5 7. e4 cxd4 8. Nxd4 Nc6 9. Nxc6 Bxc6 10. Bf4 Nh5 11. Be3 Bc5 12. Bxc5 bxc5 13. g3 Rb8 14. Bg2 Qb6 15. Rb1 O-O 16. O-O Qb3 17. Qe2 Nf6 18. e5 Bxg2 19. Kxg2 Ne8 20. Rfd1 Qb7+ 21. Qf3 f6 22. Qxb7 Rxb7 23. Ne4 Rc7 24. exf6 Nxf6 25. Nd6 Rb8 26. b4 cxb4 27. axb4 Ne8 28. Nxe8 Rxe8 29. c5 Rb8 30. Rd6 a5 31. Rb6 Ra8 32. Ra1 Rca7 33. Rxa5 Rxa5 34. bxa5 Rxa5 35. Rb7 Rxc5 1/2-1/2


[Site "https://www.chess.com"]

[Event "Titled Tuesday Blitz April 26 Late 2022"]
[White "Lin, Dachey"]
[Black "Svane, Rasmus"]
[WhiteFideId "2029650"]
[BlackFideId "4657101"]
[WhiteElo "2313"]
[BlackElo "2645"]
[Result "0-1"]
[Round "03"]
[TimeControl "180+1"]
[Date "2022.04.26"]
[WhiteClock "0:00:04"]
[BlackClock "0:00:10"]

1. Nc3 d5 2. e4 dxe4 3. Nxe4 Nf6 4. Nxf6+ exf6 5. Bc4 Bd6 6. Nf3 O-O 7. O-O Nd7 8. d4 Re8 9. h3 Nf8 10. Bb3 Ng6 11. c4 c6 12. c5 Bf4 13. d5 cxd5 14. Qxd5 Qc7 15. Bxf4 Nxf4 16. Qd6 Qxd6 17. cxd6 Be6 18. Ba4 Red8 19. Rfd1 Nd5 20. d7 Nb6 21. Bb5 a6 22. Rd6 Nxd7 23. Bxd7 Rxd7 24. Rad1 Rad8 25. Rxd7 Rxd7 26. Rxd7 Bxd7 27. Nd4 Kf8 28. h4 Ke7 29. Kf1 Kd6 30. Ke2 Kc5 31. Kd3 Kd5 32. g3 g5 33. f4 h6 34. Nf3 Bg4 35. Ne1 a5 36. Ng2 Bf5+ 37. Ke3 Bb1 38. a3 Kc4 39. Kd2 Kd4 40. Ne3 gxf4 41. gxf4 h5 42. Nd1 Be4 43. Nc3 Bc6 44. Ke2 b6 45. Kd2 Bb7 46. Ke2 Ba6+ 47. Kd2 Bc4 48. b4 axb4 49. axb4 Be6 50. Nb5+ Ke4 51. Nd6+ Kxf4 52. b5 Kg3 53. Ne4+ Kxh4 54. Nxf6 Kg5 55. Ne4+ Kf4 56. Nf6 h4 57. Ke2 Kg3 58. Nh5+ Kg2 59. Nf4+ Kg1 60. Kf3 h3 61. Ne2+ Kf1 62. Ng3+ Kg1 63. Ne2+ Kh2 64. Kf2 Bc4 65. Ng3 Bxb5 66. Nf5 Bc4 67. Ne3 b5 68. Ng4+ Kh1 69. Kg3 b4 70. Ne3 Be6 71. Kf2 b3 72. Nf1 Bc4 73. Ne3 b2 74. Nxc4 b1=Q 75. Ne3 Qb2+ 76. Kg3 Qg2+ 0-1


[Site "https://www.chess.com"]

[Event "Titled Tuesday Blitz April 26 Late 2022"]
[White "Maghsoodloo, Parham"]
[Black "Manukyan, Artyom"]
[WhiteFideId "12539929"]
[BlackFideId "13305786"]
[WhiteElo "2630"]
[BlackElo "2034"]
[Result "1-0"]
[Round "03"]
[TimeControl "180+1"]
[Date "2022.04.26"]
[WhiteClock "0:02:08"]
[BlackClock "0:00:04"]

1. d4 d5 2. c4 e6 3. Nf3 Nf6 4. g3 Be7 5. Bg2 O-O 6. O-O dxc4 7. Qc2 a6 8. a4 Bd7 9. Rd1 Bc6 10. Bg5 b5 11. Nbd2 Nbd7 12. b3 h6 13. Bxf6 Nxf6 14. bxc4 bxa4 15. e4 a3 16. d5 exd5 17. cxd5 Bb5 18. Nd4 Nd7 19. Nc4 Bxc4 20. Qxc4 Ne5 21. Qc3 a5 22. f4 Bb4 23. Qc1 Ng4 24. h3 Nf6 25. e5 Nh7 26. Nc6 Qd7 27. Kh2 h5 28. h4 Qf5 29. d6 Kh8 30. d7 Rad8 31. Nxd8 Rxd8 32. Qxc7 Be7 33. Rxa3 Nf8 34. Rxa5 Rxd7 35. Rxd7 Nxd7 36. Bh3 1-0


[Site "https://www.chess.com"]

[Event "Titled Tuesday Blitz April 26 Late 2022"]
[White "Maksimovic, Bojan"]
[Black "Richter, Nils"]
[WhiteFideId "14408120"]
[BlackFideId "12990809"]
[WhiteElo "2448"]
[BlackElo "2243"]
[Result "1/2-1/2"]
[Round "03"]
[TimeControl "180+1"]
[Date "2022.04.26"]
[WhiteClock "0:00:02"]
[BlackClock "0:00:44"]

1. e4 e6 2. d4 d5 3. Nc3 Nf6 4. Bg5 dxe4 5. Nxe4 Be7 6. Bxf6 gxf6 7. Nf3 f5 8. Nc3 a6 9. g3 b5 10. Bg2 Bb7 11. O-O O-O 12. Ne5 Bxg2 13. Kxg2 Bf6 14. Qf3 Ra7 15. Rad1 c5 16. dxc5 Qc7 17. Nd3 Nd7 18. a4 Nxc5 19. axb5 Bxc3 20. Nxc5 Qxc5 21. b6 Qxb6 22. Qxc3 Rc7 23. Qf6 Rxc2 24. g4 Qb7+ 25. Kg1 Qf3 26. Rd4 Rfc8 27. gxf5 Qxf5 28. Qxf5 exf5 29. Ra1 Rc1+ 30. Rxc1 Rxc1+ 31. Kg2 Rb1 32. Rb4 Kg7 33. Rb6 f6 34. Kf3 Kg6 35. Kf4 a5 36. Rb5 a4 37. Rb4 Rf1 38. Kf3 Rb1 39. Kf4 Rf1 40. Ke3 Re1+ 41. Kd3 Rf1 42. f4 Rf3+ 43. Kc2 Rf2+ 44. Kc3 Rxh2 45. Rxa4 h5 46. Ra8 h4 47. Rh8 Kg7 48. Rh5 Kg6 49. Rh8 Kg7 50. Rh5 Kg6 51. Rh8 1/2-1/2


[Site "https://www.chess.com"]

[Event "Titled Tuesday Blitz April 26 Late 2022"]
[White "Manukyan, Sargis A."]
[Black "Kohler, Aran"]
[WhiteFideId "13303970"]
[BlackFideId "1002856"]
[WhiteElo "2187"]
[BlackElo "2292"]
[Result "1/2-1/2"]
[Round "03"]
[TimeControl "180+1"]
[Date "2022.04.26"]
[WhiteClock "0:00:16"]
[BlackClock "0:00:17"]

1. e4 c5 2. Nf3 d6 3. d4 cxd4 4. Nxd4 Nf6 5. Nc3 a6 6. Be3 e5 7. Nb3 Be6 8. Qd2 Be7 9. f3 O-O 10. Be2 d5 11. exd5 Nxd5 12. Nxd5 Qxd5 13. Qxd5 Bxd5 14. O-O-O Bxb3 15. axb3 Nc6 16. Rd7 Rab8 17. Rhd1 Rfd8 18. Bb6 Rxd7 19. Rxd7 Kf8 20. Rc7 Nb4 21. Ba7 Rd8 22. Rxb7 g5 23. Rxe7 Na2+ 24. Kb1 Kxe7 25. Kxa2 Rd2 26. Bd3 Rxg2 27. Bxh7 Rxh2 28. Be4 Ke6 29. c4 f5 30. Bd5+ Kd6 31. Bb8+ Kc5 32. Bxe5 Re2 33. Bc3 g4 34. b4+ Kd6 35. fxg4 fxg4 36. Bd4 g3 37. Bc5+ Ke5 38. Bb7 g2 39. Bxa6 Re1 40. Bb7 g1=Q 41. Bxg1 Rxg1 42. Kb3 Kd6 43. Be4 Rg3+ 44. Kc2 Re3 45. Bd3 Kc6 46. Kc3 Rh3 47. b3 Kd6 48. b5 Kc5 49. b4+ Kd6 50. c5+ Kd5 51. b6 Kc6 52. Kd4 Rh4+ 53. Be4+ Kb5 54. b7 Rh8 55. c6 Kb6 56. b5 Rd8+ 57. Ke5 Re8+ 58. Kd6 Rd8+ 59. Ke7 Kc7 60. b6+ Kb8 61. Kxd8 1/2-1/2


[Site "https://www.chess.com"]

[Event "Titled Tuesday Blitz April 26 Late 2022"]
[White "Mardov, Dimitar"]
[Black "Stanisz, Patryk"]
[WhiteFideId "30919495"]
[BlackFideId "1123106"]
[WhiteElo "2185"]
[BlackElo "1833"]
[Result "1-0"]
[Round "03"]
[TimeControl "180+1"]
[Date "2022.04.26"]
[WhiteClock "0:00:10"]
[BlackClock "0:00:09"]

1. e4 c5 2. Nf3 Nc6 3. d4 cxd4 4. Nxd4 Nf6 5. Nc3 e5 6. Ndb5 d6 7. Bg5 a6 8. Na3 b5 9. Nd5 Qa5+ 10. Bd2 Qd8 11. Nxf6+ Qxf6 12. c4 Be7 13. cxb5 Nd4 14. bxa6 O-O 15. Bc4 Qg6 16. O-O Bh3 17. g3 Bxf1 18. Bxf1 Qxe4 19. Bg2 Qf5 20. Bxa8 Rxa8 21. Be3 Nf3+ 22. Kg2 e4 23. a7 Qg4 24. Nc2 Nh4+ 25. Kh1 Nf3 26. Nd4 h5 27. Nxf3 exf3 28. Qd5 Qc8 29. Rc1 Qe8 30. Qxf3 g6 31. Rc7 Bf8 32. Rxf7 Qxf7 33. Qxa8 d5 34. Kg2 Kg7 35. Qc6 Qf5 36. a8=Q Qe4+ 37. f3 Qxe3 38. Qd7+ Kh6 39. Qxf8+ Kg5 40. Qf4+ Qxf4 41. gxf4+ Kh6 42. Qxd5 h4 43. Qg5+ Kh7 44. Qxh4+ Kg7 45. Qg5 Kh7 46. Kg3 Kh8 47. h4 Kh7 48. b4 Kh8 49. b5 Kh7 50. b6 Kg7 51. b7 Kh7 52. b8=Q Kg7 53. Qc7+ Kh8 54. Qgd8# 1-0


[Site "https://www.chess.com"]

[Event "Titled Tuesday Blitz April 26 Late 2022"]
[White "Martinez Reyes, Pedro Ramon"]
[Black "Keymer, Vincent"]
[WhiteFideId "3901807"]
[BlackFideId "12940690"]
[WhiteElo "2410"]
[BlackElo "2557"]
[Result "0-1"]
[Round "03"]
[TimeControl "180+1"]
[Date "2022.04.26"]
[WhiteClock "0:00:32"]
[BlackClock "0:01:12"]

1. f4 d5 2. Nf3 Nf6 3. e3 g6 4. b3 Bg7 5. Bb2 O-O 6. Be2 c5 7. O-O b6 8. Ne5 Bb7 9. Bf3 e6 10. a4 Nc6 11. Qe2 Rc8 12. d3 Re8 13. Nd2 Qc7 14. Rab1 Nd7 15. Nxc6 Bxc6 16. Bxg7 Kxg7 17. h4 f5 18. d4 cxd4 19. exd4 Qxf4 20. c3 Qxh4 21. Qa6 Rc7 22. Rbe1 e5 23. dxe5 Nxe5 24. Be2 d4 25. Nf3 Bxf3 0-1


[Site "https://www.chess.com"]

[Event "Titled Tuesday Blitz April 26 Late 2022"]
[White "Mayaud, Raphael"]
[Black "Mangialardo, Tiago Carvalho"]
[WhiteFideId "627151"]
[BlackFideId "2130718"]
[WhiteElo "2191"]
[BlackElo "2079"]
[Result "1-0"]
[Round "03"]
[TimeControl "180+1"]
[Date "2022.04.26"]
[WhiteClock "0:00:44"]
[BlackClock "0:00:05"]

1. d4 Nf6 2. Bg5 c5 3. d5 d6 4. Nc3 g6 5. Bxf6 exf6 6. e4 Bg7 7. Bb5+ Nd7 8. a4 O-O 9. Nge2 Ne5 10. Ng3 h5 11. f4 Ng4 12. Qf3 h4 13. Nf1 f5 14. h3 fxe4 15. Nxe4 Bxb2 16. Rb1 Nf6 17. Rxb2 Nxe4 18. Qxe4 a6 19. Ne3 axb5 20. O-O bxa4 21. f5 Re8 22. Qf4 Qf6 23. Rb6 g5 24. Qf3 Qd4 25. Kh2 Qxe3 26. Qh5 Qg3+ 27. Kh1 Re1 28. Rxe1 Qxe1+ 29. Kh2 Qg3+ 30. Kg1 Bxf5 31. Rxb7 Bg6 32. Qe2 a3 33. Rb1 a2 34. Ra1 Rb8 35. Qf1 Rb2 36. Qd1 Rb1 37. Rxb1 axb1=Q 38. Qxb1 Qe3+ 39. Kh1 Qc3 40. Qb8+ Kg7 41. Qxd6 Qxc2 42. Qe5+ f6 43. Qe7+ Bf7 44. d6 Qd1+ 45. Kh2 c4 46. d7 c3 47. d8=Q c2 48. Qxf6+ Kh7 49. Qxf7+ Kh6 50. Qdf6# 1-0


[Site "https://www.chess.com"]

[Event "Titled Tuesday Blitz April 26 Late 2022"]
[White "Melaugh, Shane"]
[Black "Licznerski, Lukasz"]
[WhiteFideId "2509580"]
[BlackFideId "1179250"]
[WhiteElo "1972"]
[BlackElo "2422"]
[Result "0-1"]
[Round "03"]
[TimeControl "180+1"]
[Date "2022.04.26"]
[WhiteClock "0:00:02"]
[BlackClock "0:00:03"]

1. c4 Nf6 2. Nc3 d5 3. cxd5 Nxd5 4. g3 g6 5. Bg2 Nb6 6. h4 h5 7. d3 Bg7 8. Bg5 Nc6 9. Nf3 O-O 10. O-O f6 11. Qb3+ Kh7 12. Be3 e5 13. Ne4 Nd5 14. Bc5 Re8 15. Neg5+ Kg8 16. Nd2 fxg5 17. Bxd5+ Kh8 18. Bf7 gxh4 19. Ne4 Bf5 20. Bxe8 Qxe8 21. Ng5 hxg3 22. fxg3 Bf6 23. Ne4 Bg7 24. Ng5 Bf6 25. Be3 Nd4 26. Qd1 Kg7 27. Ne4 Bxe4 28. dxe4 Qc6 29. Bxd4 exd4 30. Qd3 Re8 31. Rac1 Qd6 32. Rf3 Bg5 33. Rcf1 Be3+ 34. Kg2 Re7 35. Qc4 Qd7 36. e5 c6 37. e6 Qxe6 38. Qxe6 Rxe6 39. Rf7+ Kh6 40. Rxb7 Bg5 41. Kf3 Rf6+ 42. Kg2 Re6 43. Kf3 c5 44. Rd1 Rf6+ 45. Kg2 Re6 46. Kf1 Be3 47. b4 Rf6+ 48. Kg2 cxb4 49. Rxb4 Rf2+ 50. Kh3 Rxe2 51. Rb5 Rxa2 52. g4 hxg4+ 53. Kxg4 Rg2+ 54. Kf3 Rf2+ 55. Kg4 Rf4+ 56. Kg3 a6 57. Kg2 axb5 58. Kg3 Kg5 0-1


[Site "https://www.chess.com"]

[Event "Titled Tuesday Blitz April 26 Late 2022"]
[White "Mickiewicz, Piotr"]
[Black "volunteers1998"]
[WhiteFideId "1114891"]
[WhiteElo "2266"]
[BlackElo "2284"]
[Result "1/2-1/2"]
[Round "03"]
[TimeControl "180+1"]
[Date "2022.04.26"]
[WhiteClock "0:00:05"]
[BlackClock "0:00:05"]

1. Nf3 f5 2. b3 Nf6 3. Bb2 e6 4. g3 Be7 5. Bg2 O-O 6. O-O d6 7. c4 e5 8. d3 Nc6 9. Nbd2 Be6 10. a3 Qe8 11. Qc2 Qh5 12. b4 a6 13. e3 Ng4 14. h3 Nf6 15. d4 e4 16. d5 exf3 17. Nxf3 Bd7 18. dxc6 Bxc6 19. Nd4 Bxg2 20. Kxg2 g6 21. Ne6 Rfb8 22. Nxc7 Ra7 23. Bxf6 Bxf6 24. Nd5 Bxa1 25. Rxa1 Qh6 26. Nb6 Qg7 27. Rd1 Qc7 28. c5 Rd8 29. Qc4+ Kg7 30. Qd4+ Kg8 31. Qf4 Qc6+ 32. e4 Qxe4+ 33. Qxe4 fxe4 34. Rxd6 Rf8 35. Re6 a5 36. b5 a4 37. Rxe4 Ra5 38. Rb4 Rf5 39. Nxa4 Ra8 40. f4 Rd5 41. Kf3 Rd3+ 42. Ke4 Rxa3 43. Nb6 Re8+ 44. Kd5 Rd3+ 45. Kc4 Re4+ 46. Kxd3 Rxb4 47. Nd7 Rxb5 48. Kc4 Rb1 49. g4 Rc1+ 50. Kd5 Rd1+ 51. Ke6 Re1+ 52. Kd6 Kf7 53. Ne5+ Kf8 54. Nc4 Rd1+ 55. Kc7 Rc1 56. Ne5 Rxc5+ 57. Kxb7 Rc2 58. Nd7+ Kg7 59. Ne5 Rc3 60. g5 Rxh3 61. Kc6 Rh1 62. Kd5 Rf1 63. Ke4 Re1+ 64. Kf3 Rf1+ 65. Ke3 Ra1 66. Ng4 Ra3+ 67. Ke4 Ra4+ 68. Kf3 Ra3+ 69. Ke4 Ra4+ 70. Kf3 Ra3+ 71. Ke4 1/2-1/2


[Site "https://www.chess.com"]

[Event "Titled Tuesday Blitz April 26 Late 2022"]
[White "Migot, Tangi"]
[Black "Khanin, Semen"]
[WhiteFideId "662445"]
[BlackFideId "4111990"]
[WhiteElo "2515"]
[BlackElo "2442"]
[Result "0-1"]
[Round "03"]
[TimeControl "180+1"]
[Date "2022.04.26"]
[WhiteClock "0:00:19"]
[BlackClock "0:00:05"]

1. g3 g6 2. Bg2 Bg7 3. Nf3 e5 4. O-O Ne7 5. d4 e4 6. Nfd2 d5 7. c4 c6 8. cxd5 cxd5 9. Nb3 O-O 10. Nc3 Nbc6 11. e3 Bf5 12. h3 h5 13. Bd2 b6 14. Rc1 Qd7 15. Kh2 Rac8 16. Qe2 a5 17. a3 Na7 18. Na1 b5 19. Na2 Nec6 20. Nb3 Qd8 21. Nc5 Re8 22. Nc3 Qd6 23. Nxb5 Nxb5 24. Qxb5 h4 25. b4 axb4 26. Bxb4 Nxb4 27. Qxb4 Bh6 28. Rc3 Rb8 29. Qa4 Rec8 30. Qc2 Re8 31. Rb1 Rxb1 32. Qxb1 Rb8 33. Rb3 Re8 34. a4 Qc7 35. Rb7 hxg3+ 36. fxg3 Qa5 37. Rb3 Qd2 38. Qg1 Ra8 39. g4 Bc8 40. Kg3 Bf8 41. h4 Bd6+ 42. Kh3 Qe2 43. Qf1 Bxg4# 0-1


[Site "https://www.chess.com"]

[Event "Titled Tuesday Blitz April 26 Late 2022"]
[White "Mirza, Diana"]
[Black "Naroditsky, Daniel"]
[WhiteFideId "2503999"]
[BlackFideId "2026961"]
[WhiteElo "1813"]
[BlackElo "2608"]
[Result "0-1"]
[Round "03"]
[TimeControl "180+1"]
[Date "2022.04.26"]
[WhiteClock "0:00:05"]
[BlackClock "0:02:04"]

1. d4 Nf6 2. Nf3 g6 3. c4 Bg7 4. Nc3 O-O 5. e4 d6 6. h3 e5 7. d5 Nh5 8. Bg5 Qe8 9. Qd2 f5 10. Bh6 Na6 11. Bxg7 Kxg7 12. exf5 gxf5 13. Qg5+ Kh8 14. O-O-O Nc5 15. Be2 Nf4 16. Nh4 Ne4 17. Nxe4 Nxe2+ 18. Kd2 Nd4 19. Nf6 Qf7 20. Nh5 Bd7 21. f4 Rg8 22. Qh6 Qf8 23. Qxf8 Raxf8 24. fxe5 dxe5 25. g3 f4 26. g4 c5 27. Rhe1 Re8 28. Re4 Rgf8 29. Ke1 b5 30. b3 bxc4 31. bxc4 Rb8 32. Rd2 Rb1+ 33. Kf2 f3 34. Nxf3 Nxf3 35. Kg2 Nxd2 0-1


[Site "https://www.chess.com"]

[Event "Titled Tuesday Blitz April 26 Late 2022"]
[White "Miszler, Levente"]
[Black "Gomez Dieguez, David"]
[WhiteFideId "763276"]
[BlackFideId "22223630"]
[WhiteElo "1966"]
[BlackElo "2115"]
[Result "1-0"]
[Round "03"]
[TimeControl "180+1"]
[Date "2022.04.26"]
[WhiteClock "0:00:54"]
[BlackClock "0:00:03"]

1. Nf3 d5 2. c4 d4 3. g3 Nc6 4. d3 e5 5. Bg2 h5 6. e3 h4 7. exd4 exd4 8. Qe2+ Be7 9. Nxh4 Rxh4 10. gxh4 Bd7 11. h5 Qc8 12. h3 Kf8 13. a3 a5 14. Bf4 a4 15. Nd2 Na5 16. Rg1 c6 17. Be4 Nf6 18. h6 gxh6 19. Bxh6+ Ke8 20. Bg5 Nxe4 21. Qxe4 Be6 22. Bxe7 Kxe7 23. Qxd4 Nb3 24. Nxb3 axb3 25. O-O-O Ra5 26. Rde1 Rf5 27. Rg7 Kf8 28. Rh7 Ke7 29. Qh4+ Kd6 30. Qd4+ Ke7 31. Re5 Qc7 32. Rxf5 Bxf5 33. Qh4+ Ke6 34. Rh6+ Bg6 35. Qe4+ Kd7 36. Qd4+ Ke8 37. Rh8+ Ke7 38. Qe3+ Kd7 39. Qe8+ Kd6 40. Qd8+ Qxd8 41. Rxd8+ Kc7 42. Rh8 Bxd3 43. h4 Bxc4 44. h5 Kd6 45. h6 Bd3 46. h7 Ke7 47. Re8+ Kxe8 48. h8=Q+ Ke7 49. Qe5+ Kf8 50. Qd6+ Kg7 51. Qxd3 1-0


[Site "https://www.chess.com"]

[Event "Titled Tuesday Blitz April 26 Late 2022"]
[White "Moral Garcia, Serafin"]
[Black "Ivanisevic, Ivan"]
[WhiteFideId "2201925"]
[BlackFideId "912417"]
[WhiteElo "2228"]
[BlackElo "2495"]
[Result "0-1"]
[Round "03"]
[TimeControl "180+1"]
[Date "2022.04.26"]
[WhiteClock "0:00:06"]
[BlackClock "0:00:07"]

1. e4 e5 2. Nf3 Nc6 3. Bb5 a6 4. Bxc6 dxc6 5. O-O Qe7 6. d4 exd4 7. Qxd4 Qc5 8. Be3 Qxd4 9. Bxd4 Bd7 10. Ne5 Be6 11. f3 c5 12. Bc3 f6 13. Nd3 O-O-O 14. Nf4 Bf7 15. Nd2 Bd6 16. Ne2 b5 17. Nb3 Ne7 18. Rad1 Nc6 19. Nbc1 c4 20. g3 Rhe8 21. Kg2 b4 22. Be1 a5 23. Bf2 Be5 24. c3 Bd6 25. Rd2 Ne5 26. Rfd1 Nd3 27. Nxd3 cxd3 28. Nc1 bxc3 29. bxc3 Be5 30. Rxd3 Bxc3 31. Rxd8+ Rxd8 32. Rxd8+ Kxd8 33. Be3 Kd7 34. Kf2 Kc6 35. Ke2 Bc4+ 36. Kd1 Kb5 37. Kc2 Be5 38. Nb3 a4 39. Nd4+ Bxd4 40. Bxd4 Bxa2 41. f4 Kc4 42. Bb2 Bb3+ 43. Kd2 c5 44. e5 fxe5 45. Bxe5 g6 46. g4 Kd5 47. Ke3 c4 48. h4 a3 49. Bg7 Bd1 50. g5 Bg4 51. Be5 Bf5 52. Bc3 Kc5 53. Kd2 Kb5 54. Bf6 Kb4 55. Be5 Kb3 56. Bf6 Bd3 57. Bg7 Ka4 58. Bf6 Kb5 59. Bg7 Kc6 60. Bf8 a2 61. Bg7 Kd5 62. Ke3 Ke6 63. Be5 Kf5 64. Bg7 Kg4 65. Be5 Kxh4 66. Bg7 Kg4 67. Be5 Kh5 68. Bg7 Bb1 69. Bc3 h6 70. gxh6 Kxh6 71. Bd4 Kh5 72. Bc3 Kg4 73. Bd4 Kf5 74. Bc3 Ke6 75. Kd4 Bd3 76. Ba1 Kd6 77. Bc3 Kc6 78. Ba1 Kb5 79. Kc3 Ka4 80. Bb2 Kb5 81. Ba1 Kc5 82. Bb2 Kd5 83. Kd2 Ke4 84. Be5 a1=Q 85. Bxa1 Kxf4 86. Bd4 g5 0-1


[Site "https://www.chess.com"]

[Event "Titled Tuesday Blitz April 26 Late 2022"]
[White "Mortazavi, Ali"]
[Black "Pasti, Aron"]
[WhiteFideId "401323"]
[BlackFideId "785857"]
[WhiteElo "2339"]
[BlackElo "2133"]
[Result "0-1"]
[Round "03"]
[TimeControl "180+1"]
[Date "2022.04.26"]
[WhiteClock "0:00:15"]
[BlackClock "0:00:10"]

1. Nf3 d5 2. g3 c6 3. Bg2 Bg4 4. O-O Nd7 5. d3 e6 6. c4 Bd6 7. Be3 Ne7 8. Qb3 O-O 9. Qxb7 Bc5 10. Bxc5 Nxc5 11. Qb4 Nd7 12. Nbd2 Rb8 13. Qa3 Nc8 14. b3 e5 15. cxd5 cxd5 16. Rfe1 f5 17. e3 Qf6 18. Rac1 Ncb6 19. Rc7 f4 20. exf4 exf4 21. Qe7 fxg3 22. hxg3 Qg6 23. Qg5 Qxg5 24. Nxg5 Rbe8 25. Rxe8 Rxe8 26. Bf3 Bf5 27. a4 h6 28. a5 hxg5 29. axb6 Nxb6 30. Rxa7 Bxd3 31. Rb7 Re6 32. b4 Rd6 33. Nb3 g4 34. Bxg4 Be4 35. Nd4 Nc4 36. f3 Bg6 37. Be6+ Kh7 38. b5 Ne5 39. Kg2 Bd3 40. g4 Nc4 41. Rd7 Rb6 42. Rxd5 Ne3+ 43. Kg3 Nxd5 44. Bxd5 Bxb5 45. Be4+ Kh8 46. g5 Be8 47. Kg4 g6 48. Kf4 Kg7 49. Bd5 Bf7 50. Be4 Rb4 51. Ke5 Ra4 52. f4 Ra5+ 53. Kd6 Ra4 54. Kc5 Rc4+ 55. Kd6 Rxd4+ 56. Ke5 Ra4 57. Bf3 Ra5+ 58. Kd4 Be8 59. Be4 Ra4+ 60. Ke5 Rxe4+ 61. Kxe4 Bd7 62. Ke5 Bf5 63. Kd6 Kf7 64. Ke5 Ke7 65. Kd4 Kd6 66. Ke3 Kd5 67. Kf3 Kd4 68. Kg3 Ke4 69. Kh4 Be6 70. Kg3 Kf5 71. Kh4 Bd5 72. Kg3 Bc6 73. Kh4 Kxf4 74. Kh3 Kxg5 75. Kg3 Kf5 0-1


[Site "https://www.chess.com"]

[Event "Titled Tuesday Blitz April 26 Late 2022"]
[White "Moussard, Jules"]
[Black "Sarana, Alexey"]
[WhiteFideId "642908"]
[BlackFideId "24133795"]
[WhiteElo "2589"]
[BlackElo "2666"]
[Result "1-0"]
[Round "03"]
[TimeControl "180+1"]
[Date "2022.04.26"]
[WhiteClock "0:00:55"]
[BlackClock "0:00:09"]

1. Nf3 d5 2. b3 Nf6 3. Bb2 Bf5 4. g3 e6 5. Bg2 h6 6. O-O Nbd7 7. c4 Be7 8. d3 O-O 9. Nbd2 a5 10. a3 Bh7 11. Qc2 c6 12. Rfe1 Qb8 13. Rad1 b5 14. cxd5 cxd5 15. Qb1 Rc8 16. Rc1 Qa7 17. Bd4 Bc5 18. Rxc5 Nxc5 19. b4 axb4 20. axb4 Nxd3 21. Bxa7 Nxe1 22. Qxe1 Rxa7 23. Nb3 Ne4 24. Nfd4 Nc3 25. Nc5 Ra3 26. f4 Rca8 27. Kf2 Bg6 28. Bf3 h5 29. h3 Ne4+ 30. Bxe4 dxe4 31. Nxb5 Ra1 32. Qc3 Rh1 33. Nd6 Rh2+ 34. Ke3 Rxh3 35. Kd4 h4 36. Ncxe4 Bxe4 37. Nxe4 Rd8+ 38. Ke3 hxg3 39. Qc7 Rf8 40. Kf3 g2+ 41. Kxg2 Rb3 42. Qd6 Rc8 43. Kf2 Rb2 44. Qe7 Rf8 45. Ng5 Rxb4 46. Qxb4 1-0


[Site "https://www.chess.com"]

[Event "Titled Tuesday Blitz April 26 Late 2022"]
[White "Nakamura, Hikaru"]
[Black "Muradli, Mahammad"]
[WhiteFideId "2016192"]
[BlackFideId "13409301"]
[WhiteElo "2850"]
[BlackElo "2611"]
[Result "1-0"]
[Round "03"]
[TimeControl "180+1"]
[Date "2022.04.26"]
[WhiteClock "0:00:19"]
[BlackClock "0:00:02"]

1. Nf3 c5 2. e3 Nf6 3. b3 g6 4. Bb2 Bg7 5. d4 cxd4 6. Nxd4 O-O 7. Be2 d6 8. c4 Nc6 9. Nxc6 bxc6 10. O-O Bb7 11. Bf3 d5 12. Nc3 Re8 13. Na4 Qd6 14. Qc2 Rac8 15. Rfd1 e5 16. Rac1 Qe7 17. Qb1 h5 18. Qa1 Rcd8 19. h3 Ba8 20. Rc2 Qe6 21. Rcd2 Nh7 22. cxd5 cxd5 23. Nc3 e4 24. Nxe4 Bxb2 25. Qxb2 dxe4 26. Rxd8 exf3 27. R1d6 Qe7 28. Qd4 Nf8 29. g3 Bc6 30. Rxe8 Bxe8 31. Qf6 Qc7 32. Rd8 Bd7 33. Kh2 Be6 34. Ra8 Qc6 35. Qd8 Qc5 36. Rb8 Kg7 37. b4 Qc2 38. Qxf8+ Kf6 39. Qh8+ Kg5 40. h4+ Kf5 41. Rb5+ Bd5 42. Rxd5+ 1-0


[Site "https://www.chess.com"]

[Event "Titled Tuesday Blitz April 26 Late 2022"]
[White "Nazaretyan, Tigran"]
[Black "Petrovic, Aleksa"]
[WhiteFideId "24162345"]
[BlackFideId "967629"]
[WhiteElo "2225"]
[BlackElo "2198"]
[Result "0-1"]
[Round "03"]
[TimeControl "180+1"]
[Date "2022.04.26"]
[WhiteClock "0:00:43"]
[BlackClock "0:00:18"]

1. d4 Nf6 2. c4 e6 3. Nf3 b6 4. a3 Ba6 5. Qa4 Bb7 6. Nc3 c5 7. d5 exd5 8. cxd5 Nxd5 9. Nxd5 Bxd5 10. e4 Qe7 11. Bd3 Bc6 12. Qc2 d5 13. e5 g6 14. O-O Bg7 15. Bg5 Qe6 16. b4 Nd7 17. bxc5 bxc5 18. Bf4 O-O 19. h3 h6 20. Rfe1 Rab8 21. Rac1 Rb6 22. a4 Rfb8 23. a5 Rb2 24. Qd1 d4 25. Bc4 Bd5 26. Bxd5 Qxd5 27. e6 fxe6 28. Bxb8 Rxb8 29. Qc2 d3 30. Qc4 Rb2 31. Rxe6 Qxc4 32. Rxc4 d2 33. Rd6 Bd4 34. Rcxd4 cxd4 35. Rxd4 Rb1+ 36. Kh2 d1=Q 37. Rxd1 Rxd1 38. g4 Rd5 39. a6 Ra5 40. Ne5 Nxe5 41. f4 Nc4 42. f5 gxf5 43. g5 hxg5 44. h4 gxh4 45. Kh3 Rxa6 46. Kxh4 Rb6 47. Kg5 a5 48. Kxf5 a4 49. Ke4 a3 50. Kd4 a2 51. Kxc4 a1=Q 52. Kc5 Qf6 0-1


[Site "https://www.chess.com"]